 Dungeon Crawl Stone Soup version 0.21-a0-538-gd16b88a (webtiles) character file.

600 tidbits the Insei (level 7, -9/52 HPs)
             Began as a Gnoll Transmuter on Dec 15, 2017.
             Was a Follower of Cheibriados.
             Mangled by a wight
             ... wielding a cursed +0 trident
              (14 damage)
             ... on level 7 of the Dungeon.
             The game lasted 00:07:01 (766 turns).

tidbits the Insei (Gnoll Transmuter)                 Turns: 766, Time: 00:07:02

Health: -9/52      AC:  2    Str: 15    XL:     7   Next: 41%
Magic:  11/15      EV: 25    Int: 21    God:    Cheibriados [*.....]
Gold:   127        SH:  0    Dex: 23    Spells: 11/17 levels left

rFire    . . .     SeeInvis .     - Unarmed
rCold    . . .     Gourm    .   (shield currently unavailable)
rNeg     . . .     Faith    .   (armour currently unavailable)
rPois    x         Spirit   .   (helmet currently unavailable)
rElec    .         Reflect  .   (cloak currently unavailable)
rCorr    .         Harm     .   (gloves currently unavailable)
MR       .....                  (boots currently unavailable)
Stlth    ++........             p - amulet of rage
HPRegen  0.17/turn              V - +2 ring of evasion
MPRegen  0.14/turn              (no ring)

@: spider-form (expiring), heavily drained, very slow
A: tiny, distributed training, strong nose
a: End Transformation, Bend Time, Renounce Religion, Evoke Berserk Rage


You were on level 7 of the Dungeon.
You worshipped Cheibriados.
Cheibriados was aware of your devotion.
You were not hungry.
You were a venomous arachnid creature.
You visited 1 branch of the dungeon, and saw 7 of its levels.

You collected 127 gold pieces.

Inventory:

Hand Weapons
 b - a +0 hunting sling
 g - a +0 dagger
Missiles
 a - 22 arrows
 j - 59 stones (quivered)
 r - 14 sling bullets
Armour
 i - a +0 robe
 B - a cursed +0 robe (melded)
 E - a +2 helmet (melded)
Jewellery
 p - an amulet of rage (around neck)
   (You found it on level 4 of the Dungeon)
 V - a +2 ring of evasion (left front leg)
   (You found it on level 5 of the Dungeon)
Scrolls
 h - 3 scrolls of teleportation {unknown}
 k - a scroll of amnesia {unknown}
 l - a scroll of enchant weapon {unknown}
 n - a scroll of blinking {unknown}
 s - 2 scrolls of identify {unknown}
 u - 2 scrolls of fog {unknown}
 w - a scroll of enchant armour {unknown}
 x - a scroll of remove curse {unknown}
Potions
 e - a potion of haste
 m - a potion of ambrosia {unknown}
 o - a potion of might {unknown}
 q - a potion of curing {unknown}
 t - a potion of flight {unknown}
 v - a potion of degeneration {unknown}
Books
 c - a book of Changes

   Spells                             Type                      Level
   a - Beastly Appendage              Transmutation                1
   b - Sticks to Snakes               Transmutation                2
   c - Spider Form                    Transmutation/Poison         3
   d - Ice Form                       Ice/Transmutation            4
   e - Blade Hands                    Transmutation                5
Comestibles
 d - 2 bread rations
 f - a meat ration


   Skills:
 + Level 3.6(2.2) Fighting
 + Level 2.4(1.1) Short Blades
 + Level 2.4(1.1) Long Blades
 + Level 2.4(1.1) Axes
 + Level 2.4(1.1) Maces & Flails
 + Level 2.4(1.1) Polearms
 + Level 2.4(1.1) Staves
 + Level 2.4(1.1) Slings
 + Level 2.4(1.1) Bows
 + Level 2.4(1.1) Crossbows
 + Level 2.4(1.1) Throwing
 + Level 2.4(1.1) Armour
 + Level 5.2(3.8) Dodging
 + Level 2.4(1.1) Stealth
 + Level 2.4(1.1) Shields
 + Level 7.0(5.5) Unarmed Combat
 + Level 5.6(4.2) Spellcasting
 + Level 2.0(0.7) Conjurations
 + Level 2.0(0.7) Hexes
 + Level 2.0(0.7) Charms
 + Level 2.0(0.7) Summonings
 + Level 2.0(0.7) Necromancy
 + Level 2.0(0.7) Translocations
 + Level 4.3(2.9) Transmutations
 + Level 2.0(0.7) Fire Magic
 + Level 2.0(0.7) Ice Magic
 + Level 2.0(0.7) Air Magic
 + Level 2.0(0.7) Earth Magic
 + Level 2.0(0.7) Poison Magic
 + Level 2.7(1.4) Invocations
 + Level 2.4(1.1) Evocations


You had 11 spell levels left.
You knew the following spells:

 Your Spells              Type           Power        Failure   Level  Hunger
e - Beastly Appendage     Tmut           ###...       12%         1    None
k - Sticks to Snakes      Tmut           ###.....     16%         2    #......
p - Spider Form           Tmut/Pois      ##........   34%         3    ###....


Dungeon Overview and Level Annotations

Branches:
Dungeon (7/15)
 Temple: D:4-7

Altars:
Cheibriados
Fedhas
Gozag
Kikubaaqudgha
Zin

Shops:
D:5 (


Innate Abilities, Weirdness & Mutations

Your experience applies equally to all skills.
((You have very sharp teeth.))
Your uncanny sense of smell can sniff out nearby items.


Message History

There is a stone staircase leading down here.
Your transformation has ended.
Your +2 helmet unmelds from your body.
Your cursed +0 robe unmelds from your body.
You climb downwards.
There is a stone staircase leading up here.
A sky beast and 2 wights come into view.
You see here a scroll labeled HEZXA NESE.
x - a scroll labeled HEZXA NESE
Casting: Spider Form
Confirm with . or Enter, or press ? or * to list all spells.
You turn into a venomous arachnid creature.
Your +2 helmet melds into your body.
Your cursed +0 robe melds into your body.
You barely miss the sky beast. The sky beast closely misses you.
You completely miss the sky beast. The sky beast completely misses you.
You hit the sky beast but do no damage.
The sky beast is poisoned.
The sky beast misses you.
You barely miss the sky beast. You bite the sky beast!
The sky beast is heavily wounded.
The sky beast completely misses you. The wight completely misses you.
You closely miss the sky beast.
The sky beast is heavily wounded.
The sky beast misses you.
You bite the sky beast!
You kill the sky beast!
Cheibriados appreciates the change of pace.
Your Unarmed Combat skill increases to level 7!
The wight completely misses you. The wight misses you.
The wight hits you with a war axe!
You feel drained.
Casting: Spider Form
Confirm with . or Enter, or press ? or * to list all spells.
You create 2 snakes!
You now have 23 arrows.
The wight hits you from afar with a trident.
You feel drained. The wight completely misses you.
You hit the wight.
The wight is lightly damaged.
The wight completely misses you.
You hit the wight.
The wight is heavily damaged.
The wight completely misses you.
The wight hits your ball python with a war axe.
Your ball python dies!
You hit the wight.
The wight is severely damaged.
Your transformation is almost over.
The wight hits you from afar with a trident.
* * * LOW HITPOINT WARNING * * *
You feel drained. The wight misses you.
The wight barely misses your ball python.
Your ball python barely misses the wight.
Your ball python grabs the wight.
Your ball python constricts the wight.
You hit the wight but do no damage.
The wight is severely damaged.
The wight closely misses you.
Your ball python bites the wight.
Your ball python constricts the wight.
The wight misses you.
The wight hits your ball python with a war axe.
Your ball python dies!
You hit the wight.
You destroy the wight!
Cheibriados thoroughly appreciates the change of pace.
Your base Conjurations skill increases to level 2!
Your base Hexes skill increases to level 2!
Your base Charms skill increases to level 2!
Your base Summonings skill increases to level 2!
Your base Necromancy skill increases to level 2!
Your base Translocations skill increases to level 2!
Your base Fire Magic skill increases to level 2!
Your base Ice Magic skill increases to level 2!
Your base Air Magic skill increases to level 2!
Your base Earth Magic skill increases to level 2!
Your base Poison Magic skill increases to level 2!
The wight hits you from afar with a trident!
* * * LOW HITPOINT WARNING * * *
Casting: Sticks to Snakes
Confirm with . or Enter, or press ? or * to list all spells.
You create a snake!
You now have 22 arrows.
The wight closely misses you.
Your ball python bites the wight but does no damage.
Your ball python barely misses the wight.
The wight hits you with a trident.
* * * LOW HITPOINT WARNING * * *
You feel drained.
* * * LOW HITPOINT WARNING * * *
Your ball python bites the wight but does no damage.
Your ball python grabs the wight.
Your ball python constricts the wight.
The wight hits you with a trident!
* * * LOW HITPOINT WARNING * * *
You feel drained.
* * * LOW HITPOINT WARNING * * *
Okay, then.
You bite the wight!
The wight is severely damaged.
Your ball python bites the wight but does no damage.
Your ball python constricts the wight.
You hit the wight but do no damage.
The wight is severely damaged.
The wight hits you with a trident!
You die...

...........#..........#
......................#
.........<.#..........##
.................<.....##.
....)....[.#........Y.z....
.............#.#.######.....
.##.......)###.#.# ##.....
######.....# #.#z###......z.
#.....###.Ss....# z..
#............#### ...
#.....###....# #######
##...# #...# #...# #...#
#...# #...#


You could see a wight and a friendly ball python.

Vanquished Creatures
  A sky beast (D:7)
  A necrophage (D:7)
  An ogre (D:5)
  A bullfrog (D:7)
  A wight (D:7)
  A howler monkey (D:4)
  A crimson imp (D:5)
  A hound (D:4)
  A bullfrog skeleton (D:5)
  A worker ant (D:6)
  2 gnolls (D:5)
  An adder (D:5)
  A shadow imp (D:6)
  2 dart slugs
  A giant cockroach (D:5)
  A goblin (D:2)
  A hobgoblin (D:1)
  3 jackals (D:7)
  6 bats (D:5)
  A frilled lizard (D:4)
  2 kobolds
  A rat (D:3)
32 creatures vanquished.

Vanquished Creatures (collateral kills)
  A hound (D:4)
  A gnoll (D:5)
2 creatures vanquished.

Grand Total: 34 creatures vanquished

Notes
Turn   | Place    | Note
-------+----------+-------------------------------------------
     0 | D:1      | tidbits the Gnoll Transmuter began the quest for the Orb.
     0 | D:1      | Reached XP level 1. HP: 17/17 MP: 6/6
   203 | D:2      | Found a glowing silver altar of Zin.
   214 | D:2      | Found an opulent altar of Gozag.
   266 | D:3      | Reached XP level 2. HP: 19/23 MP: 7/7
   299 | D:4      | Found a snail-covered altar of Cheibriados.
   306 | D:4      | Learned a level 2 spell: Sticks to Snakes
   316 | D:4      | Reached skill level 5 in Spellcasting
   316 | D:4      | Reached XP level 3. HP: 8/28 MP: 5/9
   328 | D:4      | Became a worshipper of Cheibriados the Contemplative
   355 | D:4      | Learned a level 3 spell: Spider Form
   369 | D:4      | Reached skill level 1 in Short Blades
   369 | D:4      | Reached skill level 1 in Long Blades
   369 | D:4      | Reached skill level 1 in Axes
   369 | D:4      | Reached skill level 1 in Maces & Flails
   369 | D:4      | Reached skill level 1 in Polearms
   369 | D:4      | Reached skill level 1 in Staves
   369 | D:4      | Reached skill level 1 in Slings
   369 | D:4      | Reached skill level 1 in Bows
   369 | D:4      | Reached skill level 1 in Crossbows
   369 | D:4      | Reached skill level 1 in Throwing
   369 | D:4      | Reached skill level 1 in Armour
   369 | D:4      | Reached skill level 1 in Stealth
   369 | D:4      | Reached skill level 1 in Shields
   369 | D:4      | Reached skill level 1 in Invocations
   369 | D:4      | Reached skill level 1 in Evocations
   369 | D:4      | Reached XP level 4. HP: 13/34 MP: 7/11
   426 | D:4      | Reached skill level 1 in Conjurations
   426 | D:4      | Reached skill level 1 in Hexes
   426 | D:4      | Reached skill level 1 in Charms
   426 | D:4      | Reached skill level 1 in Summonings
   426 | D:4      | Reached skill level 1 in Necromancy
   426 | D:4      | Reached skill level 1 in Translocations
   426 | D:4      | Reached skill level 1 in Fire Magic
   426 | D:4      | Reached skill level 1 in Ice Magic
   426 | D:4      | Reached skill level 1 in Air Magic
   426 | D:4      | Reached skill level 1 in Earth Magic
   426 | D:4      | Reached skill level 1 in Poison Magic
   435 | D:5      | Entered Level 5 of the Dungeon
   452 | D:5      | Noticed an ogre
   452 | D:5      | Reached XP level 5. HP: 28/40 MP: 4/12
   461 | D:5      | Killed an ogre
   461 | D:5      | Reached skill level 3 in Fighting
   461 | D:5      | Reached skill level 4 in Transmutations
   461 | D:5      | Reached XP level 6. HP: 34/47 MP: 3/13
   464 | D:5      | Reached skill level 2 in Invocations
   480 | D:5      | Found a blossoming altar of Fedhas.
   499 | D:5      | Reached * piety under Cheibriados
   520 | D:5      | Found Seebbiz's Weapon Shoppe.
   528 | D:5      | Found an ancient bone altar of Kikubaaqudgha.
   634 | D:7      | Noticed a necrophage
   640 | D:7      | Killed a necrophage
   640 | D:7      | Reached skill level 2 in Short Blades
   640 | D:7      | Reached skill level 2 in Long Blades
   640 | D:7      | Reached skill level 2 in Axes
   640 | D:7      | Reached skill level 2 in Maces & Flails
   640 | D:7      | Reached skill level 2 in Polearms
   640 | D:7      | Reached skill level 2 in Staves
   640 | D:7      | Reached skill level 2 in Slings
   640 | D:7      | Reached skill level 2 in Bows
   640 | D:7      | Reached skill level 2 in Crossbows
   640 | D:7      | Reached skill level 2 in Throwing
   640 | D:7      | Reached skill level 2 in Armour
   640 | D:7      | Reached skill level 5 in Dodging
   640 | D:7      | Reached skill level 2 in Stealth
   640 | D:7      | Reached skill level 2 in Shields
   640 | D:7      | Reached skill level 2 in Evocations
   658 | D:7      | Reached XP level 7. HP: 50/52 MP: 15/15
   753 | D:7      | Reached skill level 7 in Unarmed Combat
   761 | D:7      | Reached skill level 2 in Conjurations
   761 | D:7      | Reached skill level 2 in Hexes
   761 | D:7      | Reached skill level 2 in Charms
   761 | D:7      | Reached skill level 2 in Summonings
   761 | D:7      | Reached skill level 2 in Necromancy
   761 | D:7      | Reached skill level 2 in Translocations
   761 | D:7      | Reached skill level 2 in Fire Magic
   761 | D:7      | Reached skill level 2 in Ice Magic
   761 | D:7      | Reached skill level 2 in Air Magic
   761 | D:7      | Reached skill level 2 in Earth Magic
   761 | D:7      | Reached skill level 2 in Poison Magic
   764 | D:7      | HP: 5/52 [wight/trident (2)]
   766 | D:7      | Mangled by a wight

Vault maps used:
D:1:      denvon_arrival_hothouse
D:2:      zin_statuary, nicolae_overflow_crystal_walls, first_bread,
          kennysheep_generic_room_11
D:3:      cheibrodos_helix_gallery, nicolae_tso_carved_into_rock
D:4:      nicolae_temple_entry_ecumenical, kennysheep_slug_shrine
D:5:      kennysheep_mini_moat, overflow_temple_1_default, serial_shops, shop,
          minmay_guarded_unrand_vampires_tooth
D:6:      serial_shops, nicolae_shop_statue_plus
D:7:      grunt_ogre_cave, hangedman_abyss_or_decor_stagger

Skill      XL: |  1  2  3  4  5  6  7 |
---------------+----------------------+-----
Spellcasting   | 5 |  5.6
Short Blades   | 1 2 |  2.4
Long Blades    | 1 2 |  2.4
Axes           | 1 2 |  2.4
Maces & Flails | 1 2 |  2.4
Polearms       | 1 2 |  2.4
Staves         | 1 2 |  2.4
Slings         | 1 2 |  2.4
Bows           | 1 2 |  2.4
Crossbows      | 1 2 |  2.4
Throwing       | 1 2 |  2.4
Armour         | 1 2 |  2.4
Stealth        | 1 2 |  2.4
Shields        | 1 2 |  2.4
Invocations    | 1 2 |  2.7
Evocations     | 1 2 |  2.4
Conjurations   | 1 2 |  2.0
Hexes          | 1 2 |  2.0
Charms         | 1 2 |  2.0
Summonings     | 1 2 |  2.0
Necromancy     | 1 2 |  2.0
Translocations | 1 2 |  2.0
Fire Magic     | 1 2 |  2.0
Ice Magic      | 1 2 |  2.0
Air Magic      | 1 2 |  2.0
Earth Magic    | 1 2 |  2.0
Poison Magic   | 1 2 |  2.0
Fighting       | 3 |  3.6
Transmutations | 4 |  4.3
Dodging        | 5 |  5.2
Unarmed Combat | 7 |  7.0

Action                   |  1- 3 |  4- 6 |  7- 9 || total
-------------------------+-------+-------+-------++-------
Melee: Unarmed           |    27 |    65 |    18 ||   110
       Kick              |     4 |       |       ||     4
       Bite              |     3 |       |       ||     3
 Fire: Hunting sling     |     1 |       |       ||     1
 Cast: Beastly Appendage |     5 |     1 |       ||     6
       Sticks to Snakes  |     1 |     1 |     2 ||     4
       Spider Form       |     1 |     9 |     2 ||    12
  Use: Potion            |     1 |       |       ||     1
Armor: Robe              |     4 |     8 |       ||    12
       Skin              |       |     4 |       ||     4
Dodge: Dodged            |    22 |   103 |    21 ||   146

Table legend:
 A = Spawn XP
 B = Non-spawn XP
 C = Spawn XP percentage of total XP
 D = Spawn monster count
 E = Non-spawn monster count
 F = Spawn count percentage of total count
 G = Total turns spent on level
                    A         B        C        D         E        F      G
               +---------+---------+-------+---------+---------+-------+---------
         Total |       0 |     858 |   0.0 |       0 |      34 |   0.0 |   766
               +---------+---------+-------+---------+---------+-------+---------
           D:1 |       0 |       2 |   0.0 |       0 |       1 |   0.0 |   180
           D:2 |       0 |       7 |   0.0 |       0 |       3 |   0.0 |    80
           D:3 |       0 |       3 |   0.0 |       0 |       2 |   0.0 |    26
           D:4 |       0 |     134 |   0.0 |       0 |       5 |   0.0 |   149
           D:5 |       0 |     263 |   0.0 |       0 |      14 |   0.0 |   164
           D:6 |       0 |      45 |   0.0 |       0 |       2 |   0.0 |    44
           D:7 |       0 |     404 |   0.0 |       0 |       7 |   0.0 |   123
               +---------+---------+-------+---------+---------+-------+---------

Table legend:
 A = Turns spent in this place as a percentage of turns spent in the entire game.
 B = Non-inter-level travel turns spent in this place as a percentage of non-inter-level travel turns spent in the entire game.
 C = Inter-level travel turns spent in this place as a percentage of turns spent in this place.
 D = Turns resting spent in this place as a percentage of non-inter-level travel turns spent in this place.
 E = Turns spent auto-exploring this place as a percentage of non-inter-level travel turns spent in this place.
 F = Non-inter-level travel turns spent in this place divided by the number of levels of this place that you've seen.
                   A       B       C       D       E      F
               +-------+-------+-------+-------+-------+----------------------
         Total | 100.0 | 100.0 |   2.1 |   0.0 |   0.0 | 107.1
       Dungeon | 100.0 | 100.0 |   2.1 |   0.0 |   0.0 | 107.1
               +-------+-------+-------+-------+-------+----------------------

Table legend:
 A = Kills in this place as a percentage of kills in entire the game.
 B = Kills by you in this place as a percentage of kills by you in the entire game.
 C = Kills by friends in this place as a percentage of kills by friends in the entire game.
 D = Other kills in this place as a percentage of other kills in the entire game.
 E = Experience gained in this place as a percentage of experience gained in the entire game.
 F = Experience gained in this place divided by the number of levels of this place that you have seen.
                   A       B       C       D       E      F
               +-------+-------+-------+-------+-------+----------------------
         Total | 100.0 | 100.0 | 100.0 |   N/A | 100.0 | 122.6
       Dungeon | 100.0 | 100.0 | 100.0 |   N/A | 100.0 | 122.6
               +-------+-------+-------+-------+-------+----------------------

Vault maps used:
D:1:      denvon_arrival_hothouse
D:2:      zin_statuary, nicolae_overflow_crystal_walls, first_bread,
          kennysheep_generic_room_11
D:3:      cheibrodos_helix_gallery, nicolae_tso_carved_into_rock
D:4:      nicolae_temple_entry_ecumenical, kennysheep_slug_shrine
D:5:      kennysheep_mini_moat, overflow_temple_1_default, serial_shops, shop,
          minmay_guarded_unrand_vampires_tooth
D:6:      serial_shops, nicolae_shop_statue_plus
D:7:      grunt_ogre_cave, hangedman_abyss_or_decor_stagger
